AoeStats
← alix

Arabian Desert

509365147Analyzed
1v1 RM · 6d ago on Sep 26, 2026· 12m 24s· 2 players
Game mode
Random Map
Map size
Tiny (2 player)
Population
200
Speed
Normal
Resources
Standard
Victory
Conquest
Starting age
Dark Age
Ending age
Imperial Age
RankedLock teamsTeams togetherTeam positionsShared explorationLock speedFull tech treeHidden civsTurbo modeCheats
Victory
Defeat
🇩🇪 Lithuanians · Germany
1836
+14
🇨🇱 Mongols · Chile
1787
-14
[CL] El Sin Manos
8:11 Feudal Age
8:57 Loom
9:01 Double-Bit Axe
9:49 Horse Collar
alix
5:56 Loom
8:18 Feudal Age
8:59 Double-Bit Axe
9:35 Horse Collar
Connection lost

Rejoining the realm…

Still unreachable

The connection could not be restored.

Session expired

The server has moved on; the page needs a fresh start.